 Dungeon Crawl Stone Soup version 0.30-a0-881-g1ff12e1e11 (webtiles) character file.

Game seed: 1848824487226712861

227 NinjaNoafa the Conjurer (level 5, -4/38 HPs)
             Began as a Draconian Conjurer on Mar 14, 2023.
             Slain by an orc priest
             ... wielding a +0 trident of holy wrath
              (6 damage)
             ... on level 3 of the Dungeon.
             The game lasted 00:09:27 (2518 turns).

NinjaNoafa the Conjurer (Draconian Conjurer)        Turns: 2518, Time: 00:09:28

Health: -4/38      AC:  8    Str:  9    XL:     5   Next: 70%
Magic:  1/12       EV: 12    Int: 20    God:
Gold:   105        SH:  0    Dex: 10    Spells: 10/13 levels left

rFire   . . .      SeeInvis .    a - +0 dagger (holy)
rCold   . . .      Faith    .    (no shield)
rNeg    . . .      Spirit   .    (body armour unavailable)
rPois   .          Reflect  .    (helmet restricted)
rElec   .          Rampage  .    (no cloak)
rCorr   .                        g - +2 pair of gloves
Will    .....                    (no boots)
Stlth   ++                       (no amulet)
HPRegen 0.26/turn                (no ring)
MPRegen 0.13/turn                (no ring)

@: no status effects
A: AC +5, unfitting armour, cold-blooded
a: no special abilities


You were on level 3 of the Dungeon.
You visited 1 branch of the dungeon, and saw 3 of its levels.

You collected 105 gold pieces.

Inventory:

Hand Weapons
 a - a +0 dagger of holy wrath (weapon)
Missiles
 k - 6 boomerangs
Armour
 g - a +2 pair of gloves (worn)
Scrolls
 c - a scroll of magic mapping {unknown}
 d - 4 scrolls of fear {unknown}
 e - a scroll of immolation {unknown}
 h - a scroll of identify {unknown}
 m - 2 scrolls of teleportation {unknown}
 o - a scroll of poison {unknown}
 p - a scroll of acquirement {unknown}
 r - a scroll of fog {unknown}
Potions
 b - a potion of attraction {unknown}
 f - 2 potions of cancellation {unknown}
 i - 2 potions of might {unknown}
 j - 3 potions of ambrosia {unknown}
 l - 3 potions of curing {unknown}
 n - a potion of haste {unknown}
 q - a potion of invisibility {unknown}


   Skills:
 - Level 1.7 Dodging
 - Level 1.7 Stealth
 + Level 4.9 Spellcasting
 - Level 5.0 Conjurations


You had 10 spell levels left.
You knew the following spells:

 Your Spells              Type           Power      Damage    Failure   Level
a - Magic Dart            Conj           96%        1d7       1%          1
b - Searing Ray           Conj           48%        2d6       2%          2

Your spell library contained the following spells:

 Spells                   Type           Power      Damage    Failure   Level
 Dazzling Flash           Conj/Hex       28%        N/A       13%         3
 Fulminant Prism          Conj/Hex       7%         3d7       38%         4
 Iskenderun's Mystic Bla  Conj/Tloc      14%        2d5       38%         4


Dungeon Overview and Level Annotations

Branches:
Dungeon (3/15)

Altars:


Innate Abilities, Weirdness & Mutations

Your plain brown scales are hard. (AC +5)
You cannot fit into any form of body armour.
You are cold-blooded and may be slowed by cold attacks.


Message History

(Press . to maintain the ray.)
The orc priest hits you from afar with a +0 trident of holy wrath.
The searing ray hits the orc priest.
The orc priest is moderately wounded.
The orc priest misses you.
Your magical contamination has completely faded away.
The orc priest hits you but does no damage.
You hit the orc priest but do no damage.
The orc priest is moderately wounded.
The orc priest hits you with a +0 trident of holy wrath.
You closely miss the orc priest.
You tail-slap the orc priest, but do no damage.
The orc priest is moderately wounded.
The orc priest closely misses you.
You hit the orc priest but do no damage.
The orc priest is moderately wounded.
The orc priest barely misses you.
You barely miss the orc priest.
The orc priest is moderately wounded.
The orc priest closely misses you.
You hit the orc priest but do no damage.
Your tail-slap misses the orc priest.
The orc priest is moderately wounded.
The orc priest hits you but does no damage.
You barely miss the orc priest.
Your tail-slap misses the orc priest.
The orc priest is moderately wounded.
The orc priest mumbles some strange prayers to Beogh against you.
Beogh smites you!
* * * LOW HITPOINT WARNING * * *
You hit the orc priest but do no damage.
The orc priest is moderately wounded.
The orc priest hits you with a +0 trident of holy wrath.
* * * LOW HITPOINT WARNING * * *
Okay, then.
The orc priest attacks as you move away!
The orc priest hits you with a +0 trident of holy wrath.
* * * LOW HITPOINT WARNING * * *
A jackal comes into view.
The orc priest hits you from afar with a +0 trident of holy wrath.
You die...

#.# #.#.# #.# #.#.# #.#
######.#.# #.# #....#.#.#
#.# #.##.#.#.# #.#
#.#..†.#.######.# #.#
#.#......>......# #####.#
#.#.#####.####### ......#
#.#....@#.#
##########.#.#.....#####.#
.........#.#...#..o......#
####.......###.#..).#######
#.###.....h......##....
#.######)#####...#...
#....# #.......<.#.###
####†# #..####.......# #)#
#..#...#..#.#.#


You could see an orc priest and a jackal (wandering).

Vanquished Creatures
  Terence (D:2)
  Robin (D:1)
  2 adders (D:2)
  8 gnolls
  2 worms (D:2)
  2 dart slugs (D:2)
  3 orcs (D:3)
  8 bats
  2 endoplasms
  2 giant cockroaches
  9 hobgoblins
  2 jackals (D:3)
  4 quokkas
  4 ball pythons
  A frilled lizard (D:3)
  14 goblins
  7 kobolds
  8 rats
80 creatures vanquished.

Notes
Turn   | Place    | Note
-------+----------+-------------------------------------------
     0 | D:1      | NinjaNoafa the Draconian Conjurer began the quest for the
                  | Orb.
     0 | D:1      | Reached XP level 1. HP: 14/14 MP: 3/3
   264 | D:1      | Reached XP level 2. HP: 20/20 MP: 1/5
   267 | D:1      | Learned a level 2 spell: Searing Ray
   317 | D:1      | Found a faded altar of an unknown god.
   930 | D:2      | Noticed Robin
   975 | D:1      | Killed Robin
   976 | D:1      | Reached XP level 3. HP: 17/26 MP: 0/7
  1423 | D:2      | Reached XP level 4. HP: 31/33 MP: 0/8
  1465 | D:2      | Reached skill level 5 in Conjurations
  1882 | D:2      | Reached XP level 5. HP: 38/38 MP: 2/11
  1903 | D:2      | Noticed Terence
  1962 | D:2      | Killed Terence
  2518 | D:3      | Slain by an orc priest

Illustrated notes

Levels and vault maps discovered:
D:1:      dpeg_arrival_more_subterranean_lakeside_camping, layout_loops_corners,
          ebering_ecumenical_altar_mist
D:2:      minmay_razor_zed, layout_loops_ring, uniq_terence, uniq_robin
D:3:      cheibrodos_thug_alley, layout_basic, zin_angel, minmay_checkerbox,
          uniq_sigmund

Skill      XL: |  1  2  3  4 |
---------------+-------------+-----
Spellcasting   | 3 4 |  4.9
Conjurations   | 5 |  5.0
Dodging        | |  1.7
Stealth        | |  1.7

Action                     |  1- 3 |  4- 6 || total
---------------------------+-------+-------++-------
  Melee: Unarmed           |     3 |       ||     3
         Dagger            |    80 |    18 ||    98
         Tailslap          |    11 |     3 ||    14
   Cast: Magic Dart        |    41 |    31 ||    72
         Searing Ray       |    16 |    15 ||    31
    Use: Potion            |       |     1 ||     1
 Armour: Skin              |    74 |    22 ||    96
  Dodge: Dodged            |   142 |    37 ||   179

Table legend: (Time is in decaauts)
 A = Elapsed time spent in this place.
 B = Non-inter-level travel time spent in this place.
 C = Inter-level travel time spent in this place.
 D = Time resting spent in this place.
 E = Time spent auto-exploring this place.
 F = Levels seen in this place.
 G = Mean time per level.
                   A        B        C        D        E       F      G
               +--------+--------+--------+--------+--------+-----+--------+
         Total |   2520 |   2370 |    150 |      0 |   1338 |   3 |  840.0 |
       Dungeon |   2520 |   2370 |    150 |      0 |   1338 |   3 |  840.0 |
               +--------+--------+--------+--------+--------+-----+--------+

Top non-repeatable levels by time:
     D:2: 1078 daAuts
     D:1: 1013 daAuts
     D:3: 428 daAuts
